 Dungeon Crawl Stone Soup version 0.21.1-1-g345015fe64 (webtiles) character file.

299 Revguard the Digger (level 6, -2/45 HPs)
             Began as a Draconian Earth Elementalist on June 3, 2018.
             Was an Initiate of Fedhas.
             Killed from afar by an orc wizard (9 damage)
             ... with a magic dart
             ... on level 5 of the Dungeon.
             The game lasted 00:42:30 (3663 turns).

Revguard the Digger (Draconian Earth Elementalist)  Turns: 3663, Time: 00:42:31

Health: -2/45      AC:  7    Str: 11    XL:     6   Next: 13%
Magic:  7/11       EV: 13    Int: 16    God:    Fedhas [......]
Gold:   266        SH:  0    Dex:  9    Spells: 3/11 levels left

rFire    . . .     SeeInvis .   a - +1 short sword
rCold    . . .     Gourm    .   (no shield)
rNeg     . . .     Faith    .   (armour unavailable)
rPois    .         Spirit   .   l - +1 hat
rElec    .         Reflect  .   (no cloak)
rCorr    .         Harm     .   (no gloves)
MR       .....                  (no boots)
Stlth    +.........             (no amulet)
HPRegen  0.15/turn              e - -3 ring of dexterity (curse)
MPRegen  0.12/turn              v - ring of loudness (curse)

@: about to teleport
A: unfitting armour, cold-blooded, AC +6
a: Fungal Bloom, Renounce Religion


You were on level 5 of the Dungeon.
You worshipped Fedhas.
Fedhas was noncommittal.
You were very hungry.

You visited 2 branches of the dungeon, and saw 6 of its levels.

You collected 266 gold pieces.

Inventory:

Hand Weapons
 a - a +1 short sword (weapon)
 k - a +0 glaive
 q - a cursed -2 broad axe
Missiles
 b - 115 stones (quivered)
Armour
 l - a +1 hat (worn)
 n - a +2 shield
 u - a +1 helmet
Jewellery
 e - a cursed -3 ring of dexterity (left hand)
 m - the ring "Tecwet" {Str+2 Dex+4}
   (You found it on level 5 of the Dungeon)

   [ring of strength]

   It affects your strength (+2).
   It affects your dexterity (+4).
 v - a cursed ring of loudness (right hand)
Wands
 p - a wand of iceblast (2)
Scrolls
 g - a scroll of teleportation
 t - a scroll of identify
Potions
 f - a potion of flight {unknown}
 h - a potion of lignification
 i - a potion of agility {unknown}
 o - a potion of ambrosia
 r - a potion of heal wounds
Books
 d - a book of Geomancy

   Spells                             Type                      Level
   a - Sandblast                      Earth                        1
   b - Passwall                       Transmutation/Earth          2
   c - Stone Arrow                    Conjuration/Earth            3
   d - Petrify                        Transmutation/Earth          4
   e - Lee's Rapid Deconstruction     Earth                        5
 j - a book of Minor Magic

   Spells                             Type                      Level
   a - Magic Dart                     Conjuration                  1
   b - Blink                          Translocation                2
   c - Call Imp                       Summoning                    2
   d - Slow                           Hexes                        2
   e - Conjure Flame                  Conjuration/Fire             3
   f - Mephitic Cloud                 Conjuration/Poison/Air       3
Comestibles
 c - 5 rations


   Skills:
 + Level 0.1 Fighting
 + Level 1.0 Short Blades
 + Level 3.4 Dodging
 + Level 2.5 Stealth
 + Level 3.4 Spellcasting
 + Level 0.4 Conjurations
 + Level 0.5 Summonings
 + Level 1.0 Transmutations
 + Level 4.3 Earth Magic


You had 3 spell levels left.
You knew the following spells:

 Your Spells              Type           Power        Failure   Level  Hunger
a - Sandblast             Erth           ###...       3%          1    None
b - Passwall              Tmut/Erth      ##........   9%          2    ##.....
c - Stone Arrow           Conj/Erth      ##....       21%         3    ###....
d - Call Imp              Summ           #.......     22%         2    ##.....


Dungeon Overview and Level Annotations

Branches:
Dungeon (5/15)             Temple (1/1) D:5

Altars:
Ashenzari
Cheibriados
Elyvilon
Fedhas
Gozag
Hepliaklqana
Kikubaaqudgha
Makhleb
Nemelex Xobeh
Okawaru
Qazlal
Ru
Uskayaw
Wu Jian
Xom
Yredelemnul
Zin
The Shining One

Annotations:
D:3 Tali's ghost, amateur MiFi


Innate Abilities, Weirdness & Mutations

Your plain brown scales are hard. (AC +6)
You cannot fit into any form of body armour.
You are cold-blooded and may be slowed by cold attacks.


Message History

The floor.
Evoke which item? (* to show all) (? for menu, Esc to quit)
Aiming: Iceblast
Press: ? - help, Shift-Dir - straight line The mass of ice explodes!
The iceblast engulfs the orc warrior.
The iceblast engulfs the orc.
You kill the orc!
The iceblast engulfs something.
The orc warrior hits you with a hand axe!
You hit the orc warrior but do no damage.
The orc warrior hits you with a hand axe!!
You closely miss the orc warrior.
Your tail-slap misses the orc warrior.
The orc warrior hits you with a hand axe!
* * * LOW HITPOINT WARNING * * *
As you read the scroll of teleportation, it crumbles to dust.
You feel strangely unstable.
A magic dart appears from out of thin air!
The magic dart hits you!
You die...
Fedhas appreciates your contribution to the ecosystem.

#..≈≈≈..###....
##.≈≈§§≈.# #....
###.≈≈≈≈≈≈≈###.# #
#..>≈≈≈>§§§....#
#.##≈≈≈≈§≈≈....#
####.##.≈≈§≈≈..##.###
#...o....≈≈≈..###....
.....[##.#.##.#......[...
...## #@#.##.######.....
# #.....<# #.....
###.#### #....# #.#
###### #.# ..# ..# ..##
.#


You could see an orc warrior.

Vanquished Creatures
  A hound (D:4)
  2 orc wizards
  An iguana (D:4)
  Terence (D:2)
  A hound zombie (D:5)
  5 adders
  An ooze (D:3)
  An adder skeleton (D:5)
  A worm (D:3)
  A dart slug (D:3)
  2 leopard geckos
  9 orcs
  A giant cockroach (D:2)
  20 goblins
  9 hobgoblins
  4 jackals (D:3)
  A quokka (D:3)
  3 bats (D:1)
  A frilled lizard (D:3)
  A jackal skeleton (D:4)
  7 kobolds
  3 rats
76 creatures vanquished.

Vanquished Creatures (collateral kills)
  A worker ant (D:5)
1 creature vanquished.

Vanquished Creatures (others)
  2 toadstools (D:5)
2 creatures vanquished.

Grand Total: 79 creatures vanquished

Notes
Turn   | Place    | Note
-------+----------+-------------------------------------------
     0 | D:1      | Revguard the Draconian Earth Elementalist began the quest for the Orb.
     0 | D:1      | Reached XP level 1. HP: 14/14 MP: 3/3
   583 | D:1      | Reached XP level 2. HP: 20/20 MP: 5/5
   587 | D:1      | Learned a level 2 spell: Passwall
  1419 | D:2      | Noticed Terence
  1424 | D:2      | Killed Terence
  1424 | D:2      | Reached XP level 3. HP: 26/26 MP: 2/6
  1719 | D:2      | Reached XP level 4. HP: 29/33 MP: 3/7
  1735 | D:2      | Found a shimmering altar of Xom.
  1871 | D:2      | You fall through a shaft!
  2072 | D:3      | Learned a level 3 spell: Stone Arrow
  2084 | D:3      | Reached skill level 4 in Earth Magic
  2223 | D:3      | Noticed Tali's ghost (amateur MiFi)
  2337 | D:3      | Found an ornate altar of the Wu Jian Council.
  2791 | D:3      | Reached XP level 5. HP: 38/38 MP: 1/9
  2958 | D:4      | Found an opulent altar of Gozag.
  3171 | D:4      | Learned a level 2 spell: Call Imp
  3236 | D:4      | Reached XP level 6. HP: 44/45 MP: 7/10
  3329 | D:5      | Entered Level 5 of the Dungeon
  3329 | D:5      | Found a staircase to the Ecumenical Temple.
  3335 | D:5      | Got a shimmering granite ring
  3337 | D:5      | Identified the ring "Tecwet" {Str+2 Dex+4} (You found it on level 5 of the Dungeon)
  3365 | Temple   | Entered the Ecumenical Temple
  3472 | Temple   | Became a worshipper of Fedhas Madash
  3501 | D:5      | Found an iron altar of Okawaru.
  3623 | D:5      | Reached skill level 1 in Short Blades
  3647 | D:5      | Noticed an orc warrior
  3663 | D:5      | Killed from afar by an orc wizard

Skill      XL: |  1  2  3  4  5  6 |
---------------+-------------------+-----
Stealth        | 2 |  2.5
Dodging        | 2 3 |  3.4
Earth Magic    | 4 |  4.3
Spellcasting   | 3 |  3.4
Short Blades   | 1 |  1.0
Fighting       | |  0.1
Conjurations   | |  0.4
Summonings     | |  0.5
Transmutations | |  1.0

Action                   |  1- 3 |  4- 6 || total
-------------------------+-------+-------++-------
Melee: Short sword       |    72 |   113 ||   185
       Unarmed           |     1 |       ||     1
       Tailslap          |     7 |     6 ||    13
 Cast: Sandblast         |    33 |    36 ||    69
       Stone Arrow       |       |    11 ||    11
       Passwall          |       |     2 ||     2
       Call Imp          |       |     7 ||     7
Invok: Fungal Bloom      |       |     1 ||     1
Evoke: Wand              |       |     4 ||     4
  Use: Scroll            |     5 |     6 ||    11
       Potion            |       |     4 ||     4
 Stab: Distracted        |       |     1 ||     1
  Eat: Ration            |     1 |     2 ||     3
Armor: Skin              |    21 |    66 ||    87
Dodge: Dodged            |    58 |    74 ||   132
